TOP OF THE 1ST |
Syracuse Storm batting - Pitching for York Revolution : LHP Daniel Edwards
|
Pitching: LHP Daniel Edwards
|
|
Batting: SHB Franck Kooijmans
|
0-0: Ball 1-0: Ball 2-0: Fly out, F9 (Flyball, 9)
|
Batting: RHB Miguel Román
|
0-0: Swinging Strike 0-1: Ball 1-1: Foul Ball, location: 2F 1-2: Ball 2-2: SINGLE (Groundball, 56D)
|
Batting: RHB Dale Goodman
|
0-0: Ball 1-0: Called Strike 1-1: TRIPLE (Flyball, 7D) Miguel Román scores
|
Batting: RHB Nelson Morán
|
0-0: SINGLE (Groundball, 56D) Dale Goodman scores
|
Batting: RHB Dave Maxwell
|
0-0: Foul Ball, location: 2F 0-1: Ball 1-1: Ball 2-1: Ball 3-1: Base on Balls Nelson Morán to second
|
Batting: RHB Adrián Medina
|
0-0: Swinging Strike 0-1: Ball 1-1: Ground out 6-3 (Groundball, 6S) Nelson Morán to third Dave Maxwell to second
|
Batting: LHB António Escobeda
|
0-0: Foul Ball, location: 2F 0-1: Ball 1-1: Foul Ball, location: 2F 1-2: Ball 2-2: Ball 3-2: Base on Balls
|
Batting: LHB Tom Burton
|
0-0: Called Strike 0-1: Ball 1-1: Swinging Strike 1-2: Foul Ball, location: 2F 1-2: Ball 2-2: DOUBLE (Flyball, 8LXD) Nelson Morán scores Dave Maxwell scores António Escobeda to third
|
Batting: RHB Javier Sandoval
|
0-0: Called Strike 0-1: Called Strike 0-2: Foul Ball, location: 2F 0-2: Ball 1-2: Strikes out looking
|
Top of the 1st over - 4 runs, 4 hits, 0 errors, 2 left on base; Syracuse 4 - York 0 |
BOTTOM OF THE 1ST |
York Revolution batting - Pitching for Syracuse Storm : RHP Keith Belcher
|
Pitching: RHP Keith Belcher
|
|
Batting: RHB Andy Alderliesten
|
0-0: Ball 1-0: Ball 2-0: Ground out U3 (Groundball, 3)
|
Batting: RHB John Clark
|
0-0: Ball 1-0: Foul Ball, location: 2F 1-1: Foul Ball, location: 2F 1-2: Ground out U3 (Groundball, 3)
|
Batting: RHB Ryoma Yamamoto
|
0-0: Ball 1-0: Foul Ball, location: 2F 1-1: Foul Ball, location: 2F 1-2: Foul Ball, location: 2F 1-2: SINGLE (Flyball, 89M)
|
Batting: LHB Travis Towns
|
0-0: Called Strike 0-1: Ball 1-1: Ball Wild Pitch! Ryoma Yamamoto to second 2-1: Foul Ball, location: 2F 2-2: Ball Wild Pitch! Ryoma Yamamoto to third 3-2: Fly out, F9 (Flyball, 9)
|
Bottom of the 1st over - 0 runs, 1 hit, 0 errors, 1 left on base; Syracuse 4 - York 0 |
TOP OF THE 2ND |
Syracuse Storm batting - Pitching for York Revolution : LHP Daniel Edwards
|
Batting: SHB Franck Kooijmans
|
0-0: Called Strike 0-1: Ball 1-1: Called Strike 1-2: SINGLE (Groundball, 6MD)
|
Batting: RHB Miguel Román
|
0-0: Called Strike 0-1: Swinging Strike 0-2: Ball Wild Pitch! Franck Kooijmans to second 1-2: Ball 2-2: Ball 3-2: Strikes out swinging
|
Batting: RHB Dale Goodman
|
0-0: Called Strike 0-1: Ball 1-1: Ball 2-1: Ball 3-1: Ground out 6-3 (Groundball, 6M) Franck Kooijmans to third
|
Batting: RHB Nelson Morán
|
0-0: Ball 1-0: Swinging Strike 1-1: Ball 2-1: Called Strike 2-2: Ground out 6-3 (Groundball, 6)
|
Top of the 2nd over - 0 runs, 1 hit, 0 errors, 1 left on base; Syracuse 4 - York 0 |
BOTTOM OF THE 2ND |
York Revolution batting - Pitching for Syracuse Storm : RHP Keith Belcher
|
Batting: RHB Lawrence Stokes
|
0-0: Called Strike 0-1: Ball 1-1: Ball 2-1: Ground out 6-3 (Groundball, 6)
|
Batting: RHB Rich Stevens
|
0-0: Ball 1-0: Foul Ball, location: 2F 1-1: Fly out, F7 (Flyball, 78S)
|
Batting: RHB Juan Mateo
|
0-0: Ball 1-0: Called Strike 1-1: Ground out 5-3 (Groundball, 5)
|
Bottom of the 2nd over - 0 runs, 0 hits, 0 errors, 0 left on base; Syracuse 4 - York 0 |
TOP OF THE 3RD |
Syracuse Storm batting - Pitching for York Revolution : LHP Daniel Edwards
|
Batting: RHB Dave Maxwell
|
0-0: Ball 1-0: Ball 2-0: Foul Ball, location: 2F 2-1: Fly out, F7 (Flyball, 7)
|
Batting: RHB Adrián Medina
|
0-0: Ball 1-0: Ground out 5-3 (Groundball, 56)
|
Batting: LHB António Escobeda
|
0-0: Ball 1-0: Ball 2-0: Ball 3-0: Base on Balls
|
Batting: LHB Tom Burton
|
0-0: Called Strike 0-1: Foul Ball, location: 2F 0-2: Strikes out swinging
|
Top of the 3rd over - 0 runs, 0 hits, 0 errors, 1 left on base; Syracuse 4 - York 0 |
BOTTOM OF THE 3RD |
York Revolution batting - Pitching for Syracuse Storm : RHP Keith Belcher
|
Batting: RHB Tome Uso
|
0-0: Ball 1-0: Ground out 6-3 (Groundball, 6)
|
Batting: SHB Lee Byrum
|
0-0: Ball 1-0: Called Strike 1-1: Fly out, F7 (Flyball, 7D)
|
Batting: RHB Andy Alderliesten
|
0-0: Ball 1-0: Called Strike 1-1: Ball 2-1: Called Strike 2-2: Ball 3-2: Foul Ball, location: 2F 3-2: Base on Balls
|
Batting: RHB John Clark
|
0-0: Ball 1-0: Ground out 5-3 (Groundball, 56S)
|
Bottom of the 3rd over - 0 runs, 0 hits, 0 errors, 1 left on base; Syracuse 4 - York 0 |
TOP OF THE 4TH |
Syracuse Storm batting - Pitching for York Revolution : LHP Daniel Edwards
|
Batting: RHB Javier Sandoval
|
0-0: Called Strike 0-1: Called Strike 0-2: Ball 1-2: Ball 2-2: Strikes out swinging
|
Batting: SHB Franck Kooijmans
|
0-0: Foul Ball, location: 2F 0-1: Ball 1-1: Foul Ball, location: 2F 1-2: Ball 2-2: SOLO HOME RUN (Line Drive, 7LD), Distance : 354 ft
|
Batting: RHB Miguel Román
|
0-0: Swinging Strike 0-1: Foul Ball, location: 2F 0-2: Foul Ball, location: 2F 0-2: Strikes out looking
|
Batting: RHB Dale Goodman
|
0-0: Ball 1-0: Called Strike 1-1: SINGLE (Line Drive, 7LM)
|
Batting: RHB Nelson Morán
|
0-0: Called Strike 0-1: Fly out, F9 (Flyball, 9S)
|
Top of the 4th over - 1 run, 2 hits, 0 errors, 1 left on base; Syracuse 5 - York 0 |
BOTTOM OF THE 4TH |
York Revolution batting - Pitching for Syracuse Storm : RHP Keith Belcher
|
Batting: RHB Ryoma Yamamoto
|
0-0: Ball 1-0: Ball 2-0: SINGLE (Line Drive, 89S)
|
Batting: LHB Travis Towns
|
0-0: Called Strike 0-1: Swinging Strike 0-2: Fly out, F7 (Flyball, 7LS)
|
Batting: RHB Lawrence Stokes
|
0-0: Called Strike 0-1: Ball 1-1: Called Strike 1-2: Ball 2-2: Ball 3-2: Ground out U3 (Groundball, 3) Ryoma Yamamoto to second
|
Batting: RHB Rich Stevens
|
0-0: Called Strike 0-1: Swinging Strike 0-2: Fly out, F9 (Line Drive, 9)
|
Bottom of the 4th over - 0 runs, 1 hit, 0 errors, 1 left on base; Syracuse 5 - York 0 |
TOP OF THE 5TH |
Syracuse Storm batting - Pitching for York Revolution : LHP Daniel Edwards
|
Batting: RHB Dave Maxwell
|
0-0: Fly out, F9 (Flyball, 89M)
|
Batting: RHB Adrián Medina
|
0-0: Reached on error, E6 (Groundball, 6D)
|
Batting: LHB António Escobeda
|
0-0: Called Strike 0-1: Called Strike 0-2: Ball Adrián Medina is caught stealing 2nd base 1-2: Strikes out looking
|
Top of the 5th over - 0 runs, 0 hits, 1 error, 0 left on base; Syracuse 5 - York 0 |
BOTTOM OF THE 5TH |
York Revolution batting - Pitching for Syracuse Storm : RHP Keith Belcher
|
Batting: RHB Juan Mateo
|
0-0: Swinging Strike 0-1: Swinging Strike 0-2: Ball 1-2: Ball 2-2: Ball 3-2: Foul Ball, location: 2F 3-2: Foul Ball, location: 2F 3-2: Fly out, F7 (Flyball, 78D)
|
Batting: RHB Tome Uso
|
0-0: Called Strike 0-1: Ball 1-1: Ball 2-1: Fly out, F7 (Line Drive, 7)
|
Batting: SHB Lee Byrum
|
0-0: Ground out 6-3 (Groundball, 56)
|
Bottom of the 5th over - 0 runs, 0 hits, 0 errors, 0 left on base; Syracuse 5 - York 0 |
TOP OF THE 6TH |
Syracuse Storm batting - Pitching for York Revolution : LHP Daniel Edwards
|
Pitching: RHP Cletus Spence
|
|
Batting: LHB Tom Burton
|
0-0: Ball 1-0: Called Strike 1-1: Foul Ball, location: 2F 1-2: Strikes out swinging, 2-3 out at first.
|
Batting: RHB Javier Sandoval
|
0-0: Ball 1-0: Called Strike 1-1: Called Strike 1-2: Ball 2-2: Strikes out swinging
|
Batting: SHB Franck Kooijmans
|
0-0: Ball 1-0: Ground out 4-3 (Groundball, 4)
|
Top of the 6th over - 0 runs, 0 hits, 0 errors, 0 left on base; Syracuse 5 - York 0 |
BOTTOM OF THE 6TH |
York Revolution batting - Pitching for Syracuse Storm : RHP Keith Belcher
|
Batting: RHB Andy Alderliesten
|
0-0: Ball 1-0: Foul Ball, location: 2F 1-1: SINGLE (Groundball, 34D)
|
Batting: RHB John Clark
|
0-0: Ball 1-0: Ground out 5-3 (Groundball, 56S) Andy Alderliesten to second
|
Batting: RHB Ryoma Yamamoto
|
0-0: Called Strike 0-1: Ball 1-1: Ball 2-1: Fly out, F9 (Line Drive, 89D) Runner from 2nd tags up, SAFE at 3rd, no throw
|
Batting: LHB Travis Towns
|
0-0: Called Strike 0-1: Fly out, F7 (Line Drive, 78M)
|
Bottom of the 6th over - 0 runs, 1 hit, 0 errors, 1 left on base; Syracuse 5 - York 0 |
TOP OF THE 7TH |
Syracuse Storm batting - Pitching for York Revolution : RHP Cletus Spence
|
Batting: RHB Miguel Román
|
0-0: Called Strike 0-1: Called Strike 0-2: Strikes out swinging
|
Batting: RHB Dale Goodman
|
0-0: Called Strike 0-1: Ball 1-1: Foul Ball, location: 2F 1-2: Ball 2-2: Strikes out swinging
|
Batting: RHB Nelson Morán
|
0-0: Called Strike 0-1: Swinging Strike 0-2: Fly out, F9 (Flyball, 89S)
|
Top of the 7th over - 0 runs, 0 hits, 0 errors, 0 left on base; Syracuse 5 - York 0 |
BOTTOM OF THE 7TH |
York Revolution batting - Pitching for Syracuse Storm : RHP Keith Belcher
|
Batting: RHB Lawrence Stokes
|
0-0: Ball 1-0: Ball 2-0: Foul Ball, location: 2F 2-1: Ball 3-1: Called Strike 3-2: Foul Ball, location: 2F 3-2: DOUBLE (Line Drive, 7LM)
|
Batting: RHB Rich Stevens
|
0-0: Ball 1-0: Fly out, F3 (Popup, 34S)
|
Batting: RHB Juan Mateo
|
0-0: Ball 1-0: Foul Ball, location: 2F 1-1: Swinging Strike 1-2: Strikes out swinging
|
Batting: RHB Tome Uso
|
0-0: Ball 1-0: Called Strike 1-1: Ball 2-1: Fly out, F9 (Flyball, 89S)
|
Bottom of the 7th over - 0 runs, 1 hit, 0 errors, 1 left on base; Syracuse 5 - York 0 |
TOP OF THE 8TH |
Syracuse Storm batting - Pitching for York Revolution : RHP Cletus Spence
|
Batting: RHB Dave Maxwell
|
0-0: Ground out 6-3 (Groundball, 6)
|
Batting: RHB Adrián Medina
|
0-0: Ball 1-0: DOUBLE (Line Drive, 7D)
|
Batting: LHB António Escobeda
|
0-0: Called Strike 0-1: Ball 1-1: Fly out, F8 (Flyball, 8RM)
|
Batting: LHB Tom Burton
|
0-0: Ball 1-0: Swinging Strike 1-1: Ball 2-1: Ball 3-1: Base on Balls
|
Batting: RHB Javier Sandoval
|
0-0: Swinging Strike 0-1: Ball 1-1: Swinging Strike 1-2: Ground out 4-3 (Groundball, 4M)
|
Top of the 8th over - 0 runs, 1 hit, 0 errors, 2 left on base; Syracuse 5 - York 0 |
BOTTOM OF THE 8TH |
York Revolution batting - Pitching for Syracuse Storm : RHP Keith Belcher
|
Batting: SHB Lee Byrum
|
0-0: Called Strike 0-1: Ball 1-1: Called Strike 1-2: Strikes out swinging
|
Batting: RHB Andy Alderliesten
|
0-0: Called Strike 0-1: Ball 1-1: Ball 2-1: Foul Ball, location: 2F 2-2: Fly out, F5 (Line Drive, 5)
|
Batting: RHB John Clark
|
0-0: Called Strike 0-1: Ball 1-1: Swinging Strike 1-2: Foul Ball, location: 2F 1-2: Strikes out swinging
|
Bottom of the 8th over - 0 runs, 0 hits, 0 errors, 0 left on base; Syracuse 5 - York 0 |
TOP OF THE 9TH |
Syracuse Storm batting - Pitching for York Revolution : RHP Cletus Spence
|
Batting: SHB Franck Kooijmans
|
0-0: Hit by Pitch
|
Batting: RHB Miguel Román
|
0-0: Foul Ball, location: 2F 0-1: Fly out, F8 (Flyball, 8RD)
|
Batting: RHB Dale Goodman
|
0-0: Ball 1-0: Fly out, F8 (Flyball, 8RD)
|
Batting: RHB Nelson Morán
|
0-0: Ball 1-0: Fly out, F8 (Flyball, 8RD)
|
Top of the 9th over - 0 runs, 0 hits, 0 errors, 1 left on base; Syracuse 5 - York 0 |
BOTTOM OF THE 9TH |
York Revolution batting - Pitching for Syracuse Storm : RHP Keith Belcher
|
Now at 1B: Francis Osborne
|
|
Batting: RHB Ryoma Yamamoto
|
0-0: Called Strike 0-1: Ball 1-1: Swinging Strike 1-2: Foul Ball, location: 2F 1-2: Fly out, F9 (Line Drive, 9D)
|
Batting: LHB Travis Towns
|
0-0: Ball 1-0: Foul Ball, location: 2F 1-1: Ball 2-1: Ball 3-1: Fly out, F7 (Flyball, 7S)
|
Batting: RHB Lawrence Stokes
|
0-0: Ball 1-0: Ball 2-0: Fly out, F9 (Flyball, 89M)
|
Bottom of the 9th over - 0 runs, 0 hits, 0 errors, 0 left on base; Syracuse 5 - York 0 |
|